 Dungeon Crawl Stone Soup version 0.30.1-1-g62c8e00024 (webtiles) character file.

Game seed: 7034568181511938701

9 javelincjr the Magician (level 2, 0/21 HPs)
             Began as a Djinni Hedge Wizard on July 17, 2023.
             Slain by a quokka (3 damage)
             ... on level 1 of the Dungeon.
             The game lasted 00:00:43 (305 turns).

javelincjr the Magician (Djinni Hedge Wizard)        Turns: 305, Time: 00:00:43

Health: 0/21       AC:  2    Str:  9    XL:     2   Next: 25%
Gold:   18         EV: 12    Int: 15    God:
                   SH:  0    Dex: 12

rFire   + + .        a - +0 dagger
rCold   x . .        (no shield)
rNeg    . . .        b - +0 robe
rPois   ∞            c - +0 hat
rElec   .            (no cloak)
rCorr   .            (no gloves)
SInv    .            (boots unavailable)
Will    .....        (no amulet)
Stlth   ++           (no ring)
HPRegen 0.23/turn    (no ring)
MPRegen 0.00/turn

%: infuse magic (-1 HP)
@: flying
A: sickness immunity, fire resistance 2, cold vulnerability 1, float, innate
caster, HP casting, extra vitality 1
a: no special abilities


You were on level 1 of the Dungeon.
You visited 1 branch of the dungeon, and saw 1 of its levels.

You collected 18 gold pieces.

Inventory:

Hand Weapons
 a - a +0 dagger (weapon)
Armour
 b - a +0 robe (worn)
 c - a +0 hat (worn)
Scrolls
 d - a scroll of magic mapping {unknown}
 f - a scroll of torment {unknown}
Potions
 e - a potion of degeneration {unknown}
 g - a potion of flight {unknown}


   Skills:
 + Level 2.5 Dodging
 + Level 1.9 Stealth
 + Level 2.5 Spellcasting


You knew the following spells:

 Your Spells              Type           Power      Damage    Failure   Level
a - Magic Dart            Conj           36%        1d4       8%          1
b - Slow                  Hex            36%        N/A       8%          1
c - Blink                 Tloc           18%        N/A       11%         2
d - Call Imp              Summ           18%        N/A       11%         2
e - Mephitic Cloud        Conj/Pois/Air  9%         N/A       22%         3
Your spell library was empty.

Dungeon Overview and Level Annotations

Branches:
Dungeon (1/15)

Altars:

Shops:
D:1 ?


Innate Abilities, Weirdness & Mutations

You are immune to sickness and miasma.
You are immune to poison.
Your flesh is very heat resistant. (rF++)
You are vulnerable to cold. (rC-)
You float through the air rather than walking.
You learn spells naturally, not from books.
Your magical power is your life essence.
You have superior vitality. (+4 MHP)


Message History

The magic dart hits the ball python.
You kill the ball python!
The magic dart hits the hobgoblin but does no damage.
A quokka comes into view.
The magic dart hits the hobgoblin but does no damage.
The magic dart hits the hobgoblin.
The hobgoblin is moderately wounded.
The hobgoblin misses you.
The magic dart hits the hobgoblin.
The hobgoblin is heavily wounded.
The hobgoblin hits you.
The magic dart hits the hobgoblin.
The hobgoblin is severely wounded.
The hobgoblin hits you.
Your magical contamination has completely faded away.
You are too injured to fight recklessly!
You are too injured to fight recklessly!
You are too injured to fight recklessly!
You are too injured to fight recklessly!
You hit the hobgoblin but do no damage.
The hobgoblin is severely wounded.
The hobgoblin closely misses you.
You hit the hobgoblin.
You kill the hobgoblin!
The quokka bites you.
* * * LOW HITPOINT WARNING * * *
The quokka closely misses you. The quokka bites you.
* * * LOW HITPOINT WARNING * * *
You closely miss the quokka. The quokka closely misses you.
You hit the quokka.
The quokka is heavily wounded.
The quokka bites you but does no damage.
You hit the quokka but do no damage.
The quokka is heavily wounded.
The quokka barely misses you.
You barely miss the quokka.
The quokka is heavily wounded.
The quokka bites you.
You die...

#.##.##.# ## #.#...#.#
#. #.#...#.# #.
#.#...#.# #. #.......#
#. ###...### #####. ##.
#...# #.....
.....######...#####.####
.....?.@.............#
......†r.....).......#
.....................#
.....######..)#####..#
..$.. #..># #### ....
#...# .## #...# #...#


You could see a quokka.

Vanquished Creatures
  A ball python (D:1)
  2 goblins (D:1)
  4 hobgoblins (D:1)
7 creatures vanquished.

Notes
Turn   | Place    | Note
-------+----------+-------------------------------------------
     0 | D:1      | javelincjr the Djinni Hedge Wizard began the quest for the
                  | Orb.
     0 | D:1      | javelincjr set off with the following spells memorised:
                  | Magic Dart, Slow, Blink, Call Imp, Mephitic Cloud.
     0 | D:1      | Reached XP level 1. HP: 15/15 MP: 0/0
   206 | D:1      | Reached XP level 2. HP: 18/21 MP: 0/0
   218 | D:1      | Found The Oracle's Delphic Readings.
   305 | D:1      | Slain by a quokka

Illustrated notes

Levels and vault maps discovered:
D:1:      reono_arrival_mine, layout_loops_cross, nicolae_nh_oracle_at_delphi

Action                     || total
---------------------------++-------
  Melee: Dagger            ||     7
   Cast: Magic Dart        ||    21
 Armour: Robe              ||     1
  Dodge: Dodged            ||     7
